 Dungeon Crawl Stone Soup version 0.26-a0-812-g31a745ddcd (webtiles) character file.

Game seed: 3361844023659197234

5168 kae the Transmogrifier (level 10, -5/57 (58) HPs)
             Began as a Tengu Transmuter on Nov 18, 2020.
             Slain by a death yak (15 damage)
             ... on level 9 of the Dungeon.
             The game lasted 00:10:38 (10920 turns).

kae the Transmogrifier (Tengu Transmuter)          Turns: 10920, Time: 00:10:39

HP:   -5/57 (58)    AC:  6    Str: 16    XL:     10   Next: 59%
MP:   13/17         EV: 17    Int: 14    God:
Gold: 517           SH:  0    Dex: 14    Spells: 4/17 levels left

rFire    + . .     SeeInvis .     - Unarmed
rCold    + . .     Faith    .   (shield currently unavailable)
rNeg     . . .     Spirit   .   s - +2 robe {MR+}
rPois    .         Reflect  .   (helmet restricted)
rElec    .         Harm     .   o - +1 cloak
rCorr    .         Rampage  .   (gloves currently unavailable)
MR       +....                  (boots unavailable)
Stlth    +.........             u - amulet of regeneration
HPRegen  0.59/turn              m - ring of wizardry
MPRegen  0.15/turn              l - ring of Vodka {rF+ rC+ Str+2}

@: blade hands, flying quickly and evasively, quick
A: beak, talons 3, able to fly
a: Stop Flying, End Transformation


You were on level 9 of the Dungeon.
You had blades for hands.
You visited 2 branches of the dungeon, and saw 10 of its levels.

You collected 1133 gold pieces.
You spent 616 gold pieces at shops.

Inventory:

Armour
 a - a +0 robe
 o - a +1 cloak (worn)
 s - a +2 robe of magic resistance (worn)
Jewellery
 l - the ring of Vodka (right scythe-like blade) {rF+ rC+ Str+2}
   (You found it on level 6 of the Dungeon)

   [ring of protection from fire]

   It affects your strength (+2).
   It protects you from fire.
   It protects you from cold.
 m - a ring of wizardry (left scythe-like blade)
 t - an uncursed amulet of magic regeneration
 u - an amulet of regeneration (around neck)
 y - an uncursed ring of magical power
 D - an uncursed ring of protection from cold
 G - an uncursed ring of positive energy
Wands
 e - a wand of acid (6)
 q - a wand of enslavement (5)
 x - a wand of digging (3)
Scrolls
 b - 8 scrolls of remove curse
 i - a scroll of teleportation
 j - 2 scrolls of blinking
 k - 4 scrolls of magic mapping
 r - 4 scrolls of amnesia
 v - a scroll of enchant weapon
 A - a scroll of enchant armour
 H - a scroll of identify
Potions
 c - 3 potions of magic
 d - a potion of mutation
 f - 3 potions of lignification
 g - 2 potions of cancellation
 h - 4 potions of attraction
 n - 3 potions of curing
 p - a potion of heal wounds
 w - a potion of invisibility
 z - 3 potions of might
 B - a potion of haste {unknown}
 C - 2 potions of berserk rage {unknown}
 E - a potion of ambrosia
 F - a potion of resistance


   Skills:
 + Level 4.8 Fighting
 - Level 4.0 Dodging
 + Level 8.5 Unarmed Combat
 - Level 4.0 Spellcasting
 * Level 8.6 Transmutations
 - Level 4.0 Ice Magic
 - Level 3.6 Poison Magic


You had 4 spell levels left.
You knew the following spells:

 Your Spells              Type           Power        Failure   Level
a - Beastly Appendage     Tmut           ####..       4%          1
b - Spider Form           Tmut/Pois      ###.......   13%         3
c - Blade Hands           Tmut           ####......   26%         5
d - Ice Form              Ice/Tmut       ###.....     26%         4

Your spell library contained the following spells:

 Spells                   Type           Power        Failure   Level
 Wereblood                Tmut           ####....     6%          2


Dungeon Overview and Level Annotations

Branches:
Dungeon (9/15)             Temple (1/1) D:6            Lair (0/6) D:9
    Orc: D:9-12

Altars:
Ashenzari
Cheibriados
Dithmenos
Elyvilon
Fedhas
Gozag
Hepliaklqana
Kikubaaqudgha
Makhleb
Nemelex Xobeh
Okawaru
Qazlal
Ru
Sif Muna
Trog
Uskayaw
Vehumet
Wu Jian
Xom
Yredelemnul
Zin
The Shining One

Shops:
D:4 (**[*   D:5 *   D:6 ?   D:8 [   D:9 ?

Annotations:
D:4 3 runed translucent doors, p0werm0de's ghost, amateur GrFi
D:6 Eustachio
D:7 1 runed translucent door, acepyromaniac2's ghost, novice GnGl


Innate Abilities, Weirdness & Mutations

You have a beak for a mouth.
You have claws for feet.
You can fly continuously.


Message History

You slice the death yak!! You claw the death yak.
The death yak is heavily wounded.
The death yak gores you!!
* * * LOW HITPOINT WARNING * * *
You hit the death yak but do no damage.
The death yak is heavily wounded.
The death yak closely misses you.
You slice the death yak!!
You claw the death yak, but do no damage.
The death yak is almost dead.
The death yak gores you but does no damage.
You hit the death yak.
You claw the death yak, but do no damage.
The death yak is almost dead.
The death yak gores you.
* * * LOW HITPOINT WARNING * * *
You hit the death yak. Your peck misses the death yak.
The death yak is almost dead.
The death yak gores you!
You die...

##..###.....# #....# #...
###P.#.....# #....# #...
#....'.....# #....# #...
.....#.#Y....## #....#### ##...
.......#......# ##......# .....
.......#......# #......# .....
.......#......# #......# .....
..Y....#......####......####.....
.......#......#.@######....######
#......#......#Y..# #....# #.. .
.. #......'...# #....# #.. .#.
#......##### #....#####. Y.#
#......#...########....##. ..#
#......#.................. ..#
#......#.................. ..#
#......#.....##.....###### ..#
#......#.....##.....##....


You could see a death yak.

Vanquished Creatures
  A death yak (D:9)
  Pikel (D:6)
  Grinder (D:6)
  Prince Ribbit (D:6)
  Sigmund (D:3)
  Duvessa (D:5)
  3 ice beasts
  3 sky beasts
  4 orc warriors
  2 ogres
  A necrophage (D:7)
  2 centaurs
  A big kobold (D:8)
  2 bullfrogs
  Dowan (D:5)
  A wyvern skeleton (D:6)
  2 scorpions
  3 killer bees (D:8)
  3 wights (D:7)
  2 howler monkeys (D:7)
  2 bullfrog zombies
  A centaur zombie (D:7)
  6 jellies
  6 hounds
  Crazy Yiuf (D:3)
  A centaur skeleton (D:8)
  8 orc priests
  3 orc wizards
  Ijyb (D:3)
  Natasha (thrice) (D:3)
  An iguana (D:7)
  3 worker ants
  A killer bee zombie (D:5)
  A hound zombie (D:7)
  3 hound skeletons
  A mummy (D:7)
  6 adders
  A shadow imp (D:5)
  4 white imps
  An ufetubus (D:7)
  An ooze (D:1)
  An adder zombie (D:7)
  A worm (D:3)
  3 dart slugs
  5 leopard geckos
  37 orcs
  2 ball pythons
  6 bats
  8 giant cockroaches
  7 goblins
  11 hobgoblins
  16 jackals
  A quokka (D:4)
  6 frilled lizards
  11 kobolds
  A leopard gecko zombie (D:7)
  13 rats
220 creatures vanquished.

Notes
Turn   | Place    | Note
-------+----------+-------------------------------------------
     0 | D:1      | kae the Tengu Transmuter began the quest for the Orb.
     0 | D:1      | Reached XP level 1. HP: 12/12 MP: 4/4
   535 | D:1      | Reached XP level 2. HP: 16/16 MP: 4/6
  1077 | D:1      | Reached XP level 3. HP: 20/20 MP: 5/7
  1082 | D:1      | Learned a level 3 spell: Spider Form
  1561 | D:2      | Found a faded altar of an unknown god.
  2315 | D:2      | Reached XP level 4. HP: 24/25 MP: 7/9
  2463 | D:2      | Found a glowing golden altar of the Shining One.
  2771 | D:3      | Noticed Ijyb
  2787 | D:3      | Killed Ijyb
  2796 | D:3      | Noticed Natasha
  2808 | D:3      | Killed Natasha
  2808 | D:3      | Reached skill level 1 in Poison Magic
  2808 | D:3      | Gained mutation: You can fly continuously. [Tengu growth]
  2808 | D:3      | Reached XP level 5. HP: 25/29 MP: 6/10
  3224 | D:3      | Noticed Natasha
  3232 | D:3      | Killed Natasha
  3391 | D:3      | Noticed Sigmund
  3394 | D:3      | Noticed Natasha
  3414 | D:3      | Killed Sigmund
  3414 | D:3      | Reached XP level 6. HP: 30/34 MP: 9/12
  3456 | D:3      | Killed Natasha
  3816 | D:3      | Found a runed translucent door.
  3817 | D:3      | Noticed Crazy Yiuf
  3985 | D:4      | Noticed an orc warrior
  4005 | D:4      | Killed an orc warrior
  4005 | D:4      | Reached XP level 7. HP: 15/38 MP: 11/14
  4289 | D:4      | Found an ancient bone altar of Kikubaaqudgha.
  4293 | D:4      | Found a stormy altar of Qazlal.
  4293 | D:4      | Found a shimmering altar of Xom.
  4313 | D:4      | Found an ornate altar of the Wu Jian Council.
  4313 | D:4      | Found a broken altar of Ashenzari.
  4313 | D:4      | Found a shimmering altar of Xom.
  4699 | D:4      | Found Alyga's Antique Weapon Emporium.
  4799 | D:4      | Learned a level 5 spell: Blade Hands
  4804 | D:4      | Learned a level 4 spell: Ice Form
  4868 | D:4      | Found Zyrilemo's Armour Shop.
  4882 | D:4      | Found Zommal's Assorted Antiques.
  4885 | D:4      | Found Deminuh's Assorted Antiques.
  4985 | D:3      | Killed Crazy Yiuf
  5054 | D:4      | Found Burche Jonarr's Assorted Antiques.
  5057 | D:4      | Bought a viscous golden potion for 27 gold pieces
  5057 | D:4      | Bought a lumpy orange potion for 27 gold pieces
  5057 | D:4      | Bought a pink potion for 27 gold pieces
  5057 | D:4      | Bought a scroll labelled PUEFAT WIPS for 31 gold pieces
  5057 | D:4      | Bought a pink potion for 27 gold pieces
  5057 | D:4      | Bought a scroll labelled GIFOFIL FYFUELY for 31 gold pieces
  5398 | D:4      | Reached skill level 1 in Ice Magic
  5412 | D:4      | Bought a lumpy yellow potion for 18 gold pieces
  5412 | D:4      | Bought a scroll labelled TUPUXO NYBESTRO for 20 gold pieces
  5513 | D:4      | Found a runed translucent gate.
  5514 | D:4      | Found a runed translucent gate.
  5514 | D:4      | Found a runed translucent gate.
  5515 | D:4      | Noticed p0werm0de's ghost (amateur GrFi)
  5546 | D:5      | Entered Level 5 of the Dungeon
  5562 | D:5      | Reached skill level 5 in Unarmed Combat
  5562 | D:5      | Reached XP level 8. HP: 43/43 MP: 15/15
  5750 | D:5      | Noticed Duvessa
  5773 | D:5      | Noticed Dowan
  5779 | D:5      | Killed Duvessa
  5786 | D:5      | Killed Dowan
  5926 | D:5      | Found Mujoi's General Store.
  6658 | D:5      | Reached skill level 5 in Transmutations
  6749 | D:4      | Bought a lumpy yellow potion for 18 gold pieces
  6749 | D:4      | Bought a scroll labelled BESUCE TETAOTO for 20 gold pieces
  6749 | D:4      | Bought a scroll labelled TUPUXO NYBESTRO for 20 gold pieces
  6749 | D:4      | Bought a sapphire potion for 18 gold pieces
  6749 | D:4      | Bought a scroll of identify for 40 gold pieces
  6754 | D:4      | Acquired 489 gold pieces
  6756 | D:4      | Bought a scroll of identify for 40 gold pieces
  6799 | D:6      | Noticed Grinder
  6829 | D:6      | Killed Grinder
  6891 | D:6      | Found Nufy Yfott's Magic Scroll Shoppe.
  6921 | D:6      | Bought a scroll of identify for 30 gold pieces
  6921 | D:6      | Bought a scroll of identify for 30 gold pieces
  6921 | D:6      | Bought a scroll of identify for 30 gold pieces
  6921 | D:6      | Bought a scroll of identify for 30 gold pieces
  6921 | D:6      | Bought a scroll of identify for 30 gold pieces
  6953 | D:6      | Noticed Eustachio
  6995 | D:6      | Reached XP level 9. HP: 41/50 MP: 13/16
  7289 | D:6      | Noticed Pikel
  7312 | D:6      | Killed Pikel
  7520 | D:6      | Noticed Prince Ribbit
  7529 | D:6      | Killed Prince Ribbit
  7763 | D:6      | Got a smoking silver ring
  7798 | D:6      | Found a staircase to the Ecumenical Temple.
  7807 | Temple   | Entered the Ecumenical Temple
  8028 | D:7      | Found a runed translucent door.
  8329 | D:7      | Found a sparkling altar of Nemelex Xobeh.
  8756 | D:7      | Reached XP level 10. HP: 49/55 MP: 13/17
  8921 | D:7      | Found an ancient bone altar of Kikubaaqudgha.
  9254 | D:7      | Noticed acepyromaniac2's ghost (novice GnGl)
  9318 | D:8      | Identified the ring of Vodka {rF+ rC+ Str+2} (You found it
                  | on level 6 of the Dungeon)
  9938 | D:8      | Found Koruim's Armour Emporium.
 10196 | D:9      | Found Cuopowun's Magic Scroll Shoppe.
 10199 | D:9      | Bought a scroll of identify for 34 gold pieces
 10199 | D:9      | Bought a scroll of identify for 34 gold pieces
 10199 | D:9      | Bought a scroll of identify for 34 gold pieces
 10698 | D:9      | Found a broken altar of Ashenzari.
 10698 | D:9      | Found an ornate altar of the Wu Jian Council.
 10788 | D:9      | Found a hazy altar of Hepliaklqana.
 10788 | D:9      | Found an opulent altar of Gozag.
 10789 | D:9      | Found an ancient bone altar of Kikubaaqudgha.
 10798 | D:9      | Noticed a death yak
 10799 | D:9      | Noticed a death yak
 10825 | D:9      | Found a staircase to the Lair.
 10826 | D:9      | Noticed a death yak
 10827 | D:9      | Noticed a death yak
 10855 | D:9      | Killed a death yak
 10920 | D:9      | Slain by a death yak

Illustrated notes

Levels and vault maps discovered:
D:1:      minmay_arrival_glassed_features, layout_basic
D:2:      layout_basic, nicolae_overflow_crystal_walls,
          chequers_ecumenical_altar_simple_redux
D:3:      layout_rooms, minmay_checkerbox, uniq_crazy_yiuf_cottage,
          uniq_natasha, uniq_ijyb, uniq_sigmund
D:4:      layout_basic, gammafunk_ghost_necromancy, serial_shops, shop,
          nicolae_shop_trees, kennysheep_little_box, nicolae_shop_statue_plus,
          shop, doesnt_xom_only_xom
D:5:      minmay_opposing_rooms, layout_basic, serial_shops, shop_statue,
          uniq_duvessa
D:6:      layout_basic, minmay_temple_entry_poolview, serial_shops, shop,
          uniq_grinder, uniq_pikel, uniq_prince_ribbit1, uniq_eustachio
D:7:      layout_gridville, lemuel_coloured_pillars_altar,
          ebering_ghost_reflecting_pool, basic_altar, serial_undead,
          serial_undead_c, serial_undead_d, serial_undead_d, serial_undead_f
D:8:      layout_basic, serial_shops, shop
D:9:      layout_gridville, gammafunk_temple_overflow_forgotten,
          gammafunk_temple_overflow_wave, dpeg_lair_monsters, serial_shops,
          kennysheep_mini
Temple:   regret_index_temple_waves

Skill      XL: |  1  2  3  4  5  6  7  8  9 10 |
---------------+-------------------------------+-----
Transmutations | 2 3 4 5 7 8 |  8.6
Spellcasting   | 3 4 |  4.0
Unarmed Combat | 4 5 7 8 |  8.5
Poison Magic   | 1 2 3 |  3.6
Ice Magic      | 1 3 4 |  4.0
Dodging        | 3 4 |  4.0
Fighting       | 3 4 |  4.8

Action                   |  1- 3 |  4- 6 |  7- 9 | 10-12 || total
-------------------------+-------+-------+-------+-------++-------
Melee: Unarmed           |    69 |   119 |   372 |   147 ||   707
       Kick              |    12 |    14 |    14 |     6 ||    46
       Headbutt          |     7 |     5 |     4 |       ||    16
       Peck              |    10 |    10 |     9 |     5 ||    34
       Punch             |       |       |     5 |     1 ||     6
 Cast: Beastly Appendage |    26 |     9 |     8 |       ||    43
       Spider Form       |     1 |     8 |    44 |    17 ||    70
       Ice Form          |       |       |       |     4 ||     4
       Blade Hands       |       |       |       |     2 ||     2
 Abil: Fly               |       |     1 |       |       ||     1
  Use: Scroll            |     5 |       |    15 |     8 ||    28
       Potion            |     1 |       |       |       ||     1
 Stab: Sleeping          |     2 |     1 |     1 |     1 ||     5
Armor: Robe              |     8 |    10 |    10 |     2 ||    30
       Skin              |       |     3 |     9 |     9 ||    21
Dodge: Dodged            |    44 |    90 |   283 |   121 ||   538

Table legend: (Time is in decaauts)
 A = Elapsed time spent in this place.
 B = Non-inter-level travel time spent in this place.
 C = Inter-level travel time spent in this place.
 D = Time resting spent in this place.
 E = Time spent auto-exploring this place.
 F = Levels seen in this place.
 G = Mean time per level.
                   A        B        C        D        E       F      G
               +--------+--------+--------+--------+--------+-----+--------+
         Total |  10362 |  10001 |    361 |    880 |   7462 |  10 | 1036.2 |
       Dungeon |  10231 |   9935 |    296 |    880 |   7397 |   9 | 1136.8 |
        Temple |    130 |     66 |     64 |      0 |     64 |   1 |  130.0 |
               +--------+--------+--------+--------+--------+-----+--------+

Top non-repeatable levels by time:
     D:1: 1545 daAuts
     D:4: 1480 daAuts
     D:2: 1355 daAuts
     D:7: 1178 daAuts
     D:5: 1095 daAuts
     D:3: 1078 daAuts
     D:6: 985 daAuts
     D:8: 764 daAuts
     D:9: 747 daAuts
  Temple: 130 daAuts
